 Dungeon Crawl Stone Soup version 0.31.0-2-g5a2aebc5c2 (webtiles) character file.

Game seed: 7248514809563751835

593 Armakuni the Shooter (level 7, 0/82 HPs)
             Began as a Yellow Draconian Hunter on Jan 21, 2024.
             Slain by an ice beast (9 damage)
             ... on level 5 of the Dungeon.
             The game lasted 00:13:14 (3312 turns).

Armakuni the Shooter (Yellow Draconian Hunter)      Turns: 3312, Time: 00:13:15

Health: 0/82       AC: 23    Str: 13    XL:     7   Next: 16%
Magic:  7/7        EV:  2    Int: 10    God:
Gold:   212        SH:  0    Dex: 16    Spells: 6/6 levels left

rFire   . . .        a - +1 shortbow
rCold   . . .        (shield currently unavailable)
rNeg    + . .        (body armour unavailable)
rPois   +            o - melded +1 hat of Immorality {rF+ rCorr Dex+3}
rElec   .            (cloak currently unavailable)
rCorr   .            (gloves currently unavailable)
SInv    .            m - melded +0 pair of boots
Will    +....        (no amulet)
Stlth   ++           N - ring of positive energy
HPRegen 0.33/turn    (no ring)
MPRegen 0.10/turn

%: no passive effects
@: short of breath, tree-form, attractive, enlightened
A: stationary, stasis, torment immunity, boosted hp, (spit acid), AC +6,
unfitting armour, (cold-blooded), (acid resistance)
a: no special abilities


You were on level 5 of the Dungeon.
You were a tree.
You visited 2 branches of the dungeon, and saw 6 of its levels.

You collected 212 gold pieces.

Inventory:

Hand Weapons
 a - a +1 shortbow (weapon)
Armour
 m - a +0 pair of boots (melded)
 o - the +1 hat of Immorality (melded) {rF+ rCorr Dex+3}
   (You acquired it on level 3 of the Dungeon)

   Dex+3:     It affects your dexterity (+3).
   rF+:       It protects you from fire.
   rCorr:     It protects you from acid and corrosion.
Jewellery
 N - a ring of positive energy (left branch)
Talismans
 c - a beast talisman
Wands
 j - a wand of iceblast (1)
Scrolls
 b - 2 scrolls of butterflies
 f - a scroll of identify
 g - a scroll of immolation
 h - a scroll of amnesia
 n - a scroll of enchant weapon
Potions
 d - a potion of attraction
 e - a potion of lignification
 i - 3 potions of enlightenment
 k - a potion of resistance {unknown}
 p - a potion of haste {unknown}


   Skills:
 - Level 2.1 Fighting
 + Level 6.5 Ranged Weapons
 - Level 1.7 Dodging
 - Level 0.8 Stealth
 - Level 3.8 Evocations
 - Level 2.1 Shapeshifting


You had 6 spell levels left.
You didn't know any spells.
Your spell library contained the following spells:

 Spells                   Type           Power      Damage    Failure   Level
 Alistair's Intoxication  Alch           0%         N/A       100%        5
 Borgnjor's Vile Clutch   Necr/Erth      0%         N/A       100%        5
 Eringya's Noxious Bog    Alch           0%         4d6       100%        6


Dungeon Overview and Level Annotations

Branches:
Dungeon (5/15)             Temple (1/1) D:4

Altars:
Ashenzari
Cheibriados
Dithmenos
Fedhas
Gozag
Hepliaklqana
Makhleb
Nemelex Xobeh
Okawaru
Qazlal
Ru
Vehumet
Wu Jian
Xom
Zin

Shops:
D:1 :


Innate Abilities, Weirdness & Mutations

You are a tree.
Your roots penetrate the ground, keeping you stationary.
You cannot be teleported.
You are immune to unholy pain and torment.
Your maximum health is greatly increased.
Your equipment is partially melded.
((You can spit globs of acid.))
((Your golden yellow scales are hard. (AC +6)))
You cannot fit into any form of body armour.
((You are cold-blooded and may be slowed by cold attacks.))
((You are resistant to acid. (rCorr)))


Message History

Aim: an ice beast (moderately wounded, 65% to hit)
You shoot an arrow. The arrow hits the ice beast.
The ice beast is heavily wounded.
You feel yourself speed up.
The ice beast hits you but does no damage. x2
Fire: a) +1 shortbow
Press: ? - help, Q - select action, (/) - cycle Shift-Dir - straight line, f/p - ice beast
Aim: an ice beast (heavily wounded, 65% to hit)
You shoot an arrow.
The arrow hits the ice beast but does no damage.
The ice beast is heavily wounded.
The ice beast hits you but does no damage.
Fire: a) +1 shortbow
Press: ? - help, Q - select action, (/) - cycle Shift-Dir - straight line, f/p - ice beast
Aim: an ice beast (heavily wounded, 65% to hit)
You shoot an arrow. The arrow closely misses the ice beast.
The ice beast hits you. The ice beast freezes you!
* * * LOW HITPOINT WARNING * * *
Fire: a) +1 shortbow
Press: ? - help, Q - select action, (/) - cycle Shift-Dir - straight line, f/p - ice beast
Aim: an ice beast (heavily wounded, 65% to hit)
You shoot an arrow. The arrow closely misses the ice beast.
The ice beast hits you.
* * * LOW HITPOINT WARNING * * *
The ice beast freezes you!
* * * LOW HITPOINT WARNING * * *
Fire: a) +1 shortbow
Press: ? - help, Q - select action, (/) - cycle Shift-Dir - straight line, f/p - ice beast
Aim: an ice beast (heavily wounded, 65% to hit)
You shoot an arrow. The arrow hits the ice beast!
The ice beast is severely wounded.
The ice beast hits you but does no damage.
It was a potion of attraction.
You feel attractive to monsters.
The ice beast hits you but does no damage.
It was a potion of enlightenment.
Your roots keep you in place.
The ice beast hits you.
* * * LOW HITPOINT WARNING * * *
The ice beast freezes you!
You die...

......# #.# ###.#
...##.# #.# #...#
.#. ... .<# #.### .
#.# . #.# #.# #.#
#.# ##. #♣#
#......Y......
#...........##
#.######.#..# #.#
## .# #### #.# ##
..## ...##### #.#
.## ....
.......####.####.##
..#
##.###..Y.........#
#.#


You could see an ice beast.

Vanquished Creatures
  An ogre (D:5)
  Blork the orc (D:4)
  2 scorpions (D:5)
  A howler monkey (D:4)
  A jelly (D:4)
  2 orc priests (D:4)
  2 hounds (D:4)
  An orc wizard (D:5)
  3 adders
  2 ufetubi (D:5)
  A ribbon worm (D:4)
  8 orcs
  7 endoplasms
  3 giant cockroaches
  3 goblins
  A hobgoblin (D:1)
  2 jackals (D:3)
  7 kobolds
  A quokka (D:1)
  12 ball pythons
  6 bats
  3 frilled lizards
  6 rats
76 creatures vanquished.

Notes
Turn   | Place    | Note
-------+----------+-------------------------------------------
     0 | D:1      | Armakuni the Draconian Hunter began the quest for the Orb.
     0 | D:1      | Reached XP level 1. HP: 17/17 MP: 1/1
   132 | D:1      | Reached skill level 4 in Ranged Weapons
   216 | D:1      | Reached XP level 2. HP: 24/24 MP: 2/2
   495 | D:1      | Reached skill level 1 in Shapeshifting
   634 | D:1      | Found Jagetofas's Book Shoppe.
   902 | D:2      | Reached XP level 3. HP: 29/29 MP: 3/3
   956 | D:2      | Identified the +0 leather armour "Woynipta" {rN+ Int+3
                  | Slay+5}
  1473 | D:3      | Reached XP level 4. HP: 36/36 MP: 4/4
  1700 | D:3      | Reached skill level 1 in Evocations
  1911 | D:3      | Identified a scroll of acquirement
  1911 | D:3      | Acquired the +1 hat of Immorality {rF+ rCorr Dex+3}
  2078 | D:4      | Found a staircase to the Ecumenical Temple.
  2087 | Temple   | Entered the Ecumenical Temple
  2139 | D:4      | Noticed Blork the orc
  2159 | D:4      | Killed Blork the orc
  2160 | D:4      | Reached XP level 5. HP: 33/41 MP: 5/5
  2659 | D:4      | Reached XP level 6. HP: 48/48 MP: 6/6
  2710 | D:4      | Reached skill level 5 in Ranged Weapons
  2733 | D:4      | Found a blossoming altar of Fedhas.
  2771 | D:4      | Found a shadowy altar of Dithmenos.
  2788 | D:5      | Entered Level 5 of the Dungeon
  2897 | D:5      | Noticed an ice beast
  3011 | D:5      | Reached skill level 6 in Ranged Weapons
  3171 | D:5      | Your scales start taking on a golden yellow colour.
  3171 | D:5      | Reached XP level 7. HP: 52/55 MP: 7/7
  3171 | D:5      | Gained mutation: You are resistant to acid. (rCorr) [Yellow
                  | Draconian growth]
  3312 | D:5      | Slain by an ice beast

Illustrated notes

Levels and vault maps discovered:
D:1:      saegor_arrival_simple_d, layout_basic, serial_shops, shop
D:2:      layout_rooms
D:3:      layout_basic
D:4:      layout_rooms, mainiacjoe_overflow_swirl, minmay_temple_entry_fiery,
          uniq_blork_the_orc
D:5:      layout_loops_ring, kennysheep_mini, uniq_ijyb
Temple:   compressed_dpeg_triangle_lava_temple

Skill      XL: |  1  2  3  4  5  6 |
---------------+-------------------+-----
Ranged Weapons | 4 6 |  6.5
Shapeshifting  | 1 2 |  2.1
Evocations     | 3 |  3.8
Fighting       | |  2.1
Dodging        | |  1.7
Stealth        | |  0.8

Action                     |  1- 3 |  4- 6 |  7- 9 || total
---------------------------+-------+-------+-------++-------
  Melee: Shortbow          |       |     1 |       ||     1
   Fire: Shortbow          |   115 |   134 |    39 ||   288
Ability: Breathe Acid      |       |       |     2 ||     2
  Evoke: Wand              |       |     6 |       ||     6
    Use: Scroll            |     4 |     3 |       ||     7
         Potion            |       |     1 |     3 ||     4
 Armour: Skin              |    16 |    80 |    22 ||   118
  Dodge: Dodged            |    28 |    47 |    16 ||    91
   Form: Beast             |     2 |     1 |       ||     3
                           |     1 |     2 |       ||     3
